 Dungeon Crawl Stone Soup version 0.17.0-56-gd8de76c (console) character file.

147 Kloppie the Gusty (level 5, -1/34 HPs)
             Began as a High Elf Air Elementalist on Dec 5, 2015.
             Slain by a worker ant (5 damage)
             ... on level 3 of the Dungeon.
             The game lasted 00:08:11 (3514 turns).

Kloppie the Gusty (High Elf Air Elementalist)       Turns: 3514, Time: 00:08:11

Health: -1/34      AC:  7    Str:  7    XL:     5   Next: 8%
Magic:  1/9        EV: 14    Int: 19    God:
Gold:   130        SH:  0    Dex: 16    Spells: 2 memorised, 5 levels left

rFire  . . .     SeeInvis .     d - +0 short sword
rCold  . . .     Clarity  .     a - +0 robe
rNeg   . . .     SustAt   .     (no shield)
rPois  .         Gourm    .     (no helmet)
rElec  .         Spirit   .     m - +0 cloak
rCorr  .         Warding  .     g - +2 pair of gloves
rMut   .         Stasis   .     h - +0 pair of boots
MR     .....                    (no amulet)
Stlth  ++........               (no ring)
                                (no ring)

@: lethally poisoned (-1 -> -12), not resistant to hostile enchantments,
unstealthy
A: no striking features
a: no special abilities


You were on level 3 of the Dungeon.
You were not hungry.

You visited 1 branch of the dungeon, and saw 4 of its levels.

You collected 130 gold pieces.

Inventory:

Hand Weapons
 d - a +0 short sword (weapon)
Armour
 a - a +0 robe (worn)
 g - a +2 pair of gloves (worn)
 h - a +0 pair of boots (worn)
 m - a +0 cloak (worn)
Scrolls
 e - a scroll of identify {unknown}
 k - 2 scrolls of recharging {unknown}
 r - a scroll of remove curse {unknown}
Potions
 i - a potion of lignification {unknown}
 j - 2 potions of heal wounds {unknown}
 n - 3 potions of curing {unknown}
 o - a potion of degeneration {unknown}
 q - a potion of haste {unknown}
 s - 3 potions of poison {unknown}
 t - a potion of cancellation {unknown}
Books
 b - a book of Air

   Spells                             Type                      Level
   a - Shock                          Conjuration/Air              1
   b - Swiftness                      Charms/Air                   2
   c - Repel Missiles                 Charms/Air                   2
   d - Static Discharge               Conjuration/Air              3
   e - Lightning Bolt                 Conjuration/Air              5
Comestibles
 c - 3 bread rations
 f - 2 meat rations
 l - 2 slices of pizza
 p - a chunk of flesh


   Skills:
 + Level 2.2 Fighting
 + Level 3.8 Dodging
 - Level 2.1 Stealth
 - Level 2.4 Spellcasting
 - Level 1.5 Conjurations
 + Level 5.0 Air Magic


You had 5 spell levels left.
You knew the following spells:

 Your Spells              Type           Power        Failure   Level  Hunger
a - Shock                 Conj/Air       ##..         6%          1    #......
b - Swiftness             Chrm/Air       ##......     10%         2    ##.....


Dungeon Overview and Level Annotations

Branches:
Dungeon (4/15)
 Temple: D:4-7

Altars:
Okawaru
Trog
Zin


Message History

You are more poisoned.
The worker ant poisons you!
You climb upwards.
You feel sick. The hobgoblin closely misses you.
There is a stone staircase leading down here.
You feel sick. The worker ant bites you.
* * * LOW HITPOINT WARNING * * *
* * * LOW HITPOINT WARNING * * *
You feel sick. The worker ant bites you.
* * * LOW HITPOINT WARNING * * *
You are more poisoned.
The worker ant poisons you!
* * * LOW HITPOINT WARNING * * *
You feel sick.
* * * LOW HITPOINT WARNING * * *
You feel sick.
* * * LOW HITPOINT WARNING * * *
You feel sick.
* * * LOW HITPOINT WARNING * * *
You feel sick. The worker ant bites you.
You die...

### ### ### #.# #.# #.#
#.######.# #.# #........#
##.######### #.######.#
#........... #.# #@###
##.######.## #.# #a#.# #.# #.#
#########.######g#.####.######.#
.............................#.#
.............................#.#
...........................<.#.#
...............>....._..###.##.#
.....................).......(.#
...)...........................#


You could see a worker ant and a hobgoblin.

Vanquished Creatures
  2 gnolls (D:2)
  7 adders
  An ooze (D:3)
  An adder skeleton (D:4)
  A worm (D:2)
  A giant gecko (D:2)
  An orc (D:3)
  2 ball pythons
  5 bats
  2 giant cockroaches
  8 hobgoblins
  3 jackals (D:4)
  7 kobolds
  4 quokkas
  3 giant newts
  5 goblins
  5 rats
58 creatures vanquished.

Notes
Turn   | Place    | Note
--------------------------------------------------------------
     0 | D:1      | Kloppie the High Elf Air Elementalist began the quest for the Orb.
     0 | D:1      | Reached XP level 1. HP: 11/11 MP: 4/4
   533 | D:1      | Reached XP level 2. HP: 17/17 MP: 1/6
   596 | D:1      | Learned a level 2 spell: Swiftness
   935 | D:2      | Found a glowing silver altar of Zin.
   940 | D:2      | Reached skill level 4 in Air Magic
  1017 | D:2      | Found an iron altar of Okawaru.
  1143 | D:2      | Reached skill level 1 in Fighting
  1204 | D:2      | Reached XP level 3. HP: 23/23 MP: 4/7
  1699 | D:2      | Reached XP level 4. HP: 27/29 MP: 5/8
  2401 | D:3      | Found a bloodstained altar of Trog.
  3297 | D:4      | Reached skill level 5 in Air Magic
  3321 | D:4      | Reached XP level 5. HP: 32/34 MP: 1/9
  3488 | D:4      | Noticed a phantom
  3514 | D:3      | Slain by a worker ant

Action                   |  1- 3 |  4- 6 || total
-------------------------+-------+-------++-------
Melee: Short sword       |    19 |    38 ||    57
 Cast: Shock             |    49 |    51 ||   100
       Swiftness         |       |     1 ||     1
 Stab: Sleeping          |     2 |     1 ||     3
  Eat: Chunk             |     3 |     5 ||     8
